 Dungeon Crawl Stone Soup version 0.25-a0-35-g747a2b3c0c (webtiles) character file.

Game seed: 9570286706765606004, levelgen mode: deterministic

196710 MirrMurr the Unseen (level 17, -18/89 HPs)
             Began as a Spriggan Enchanter on Oct 17, 2019.
             Was the Champion of Dithmenos.
             Killed from afar by a shock serpent (33 damage)
             ... with a bolt of electricity
             ... on level 2 of the Snake Pit on Oct 18, 2019.
             The game lasted 02:20:06 (54172 turns).

MirrMurr the Unseen (Spriggan Enchanter)           Turns: 54172, Time: 02:20:06

Health: -18/89     AC: 15    Str:  9    XL:     17   Next: 75%
Magic:  36/36      EV: 31    Int: 25    God:    Dithmenos [******]
Gold:   1757       SH:  8    Dex: 18    Spells: 20/44 levels left

rFire    . . .     SeeInvis +   a - +6 dagger (elec)
rCold    . . .     Gourm    .   k - +0 buckler
rNeg     . . .     Faith    +   U - +3 swamp dragon scales
rPois    +         Spirit   .   T - +1 hat {Int+3}
rElec    .         Reflect  .   K - +2 cloak {MR+}
rCorr    .         Harm     .   (gloves unavailable)
MR       +++..                  (boots unavailable)
Stlth    ++++++++++             n - amulet of faith
HPRegen  0.24/turn              t - ring of wizardry
MPRegen  0.25/turn              H - +5 ring of intelligence

@: confusing touch, very slightly contaminated, wreathed by umbra, very quick
A: very small, unfitting armour, see invisible, herbivore, speed 3, slow
metabolism 2
}: 1/15 runes: decaying
a: Shadow Step, Shadow Form, Renounce Religion


You were on level 2 of the Snake Pit.
You worshipped Dithmenos.
Dithmenos was exalted by your worship.
You were hungry.

You visited 6 branches of the dungeon, and saw 30 of its levels.

You collected 2548 gold pieces.
You spent 791 gold pieces at shops.

Inventory:

Hand Weapons
 a - a +6 dagger of electrocution (weapon)
 b - a +4 rapier of electrocution
 z - a +4 scimitar of venom
Missiles
 e - 935 stones (quivered)
 h - 140 poisoned darts
 A - 86 sling bullets
 G - 2 throwing nets
 Y - 5 curare-tipped darts
Armour
 k - a +0 buckler (worn)
 K - a +2 cloak of magic resistance (worn)
 T - a +1 hat of intelligence (worn)
 U - +3 swamp dragon scales (worn)
Jewellery
 n - an amulet of faith (around neck)
 t - a ring of wizardry (left hand)
 y - an uncursed ring of flight
 H - a +5 ring of intelligence (right hand)
 S - an uncursed ring of protection from cold
Wands
 m - a wand of scattershot (2)
 u - a wand of clouds (4)
 x - a wand of paralysis (29)
 C - a wand of iceblast (21)
 F - a wand of acid (22)
 L - a wand of digging (21)
Scrolls
 g - 16 scrolls of teleportation
 i - 7 scrolls of identify
 r - 7 scrolls of remove curse
 B - 5 scrolls of blinking
 D - 4 scrolls of fear
 O - 2 scrolls of immolation
 Q - 2 scrolls of fog
 R - 4 scrolls of magic mapping
Potions
 f - 3 potions of haste
 j - 3 potions of agility
 l - 3 potions of ambrosia
 o - 10 potions of curing
 p - 5 potions of invisibility
 q - 4 potions of might
 s - 4 potions of flight
 v - 3 potions of resistance
 w - 2 potions of heal wounds
 E - 4 potions of mutation
 J - 2 potions of berserk rage
 M - 4 potions of lignification
 N - 5 potions of brilliance
 P - a potion of magic
Comestibles
 c - 27 rations


   Skills:
 - Level 10.0 Fighting
 - Level 10.0 Short Blades
 - Level 3.0 Armour
 + Level 20.2 Dodging
 + Level 20.9 Stealth
 - Level 7.2 Shields
 - Level 14.0 Spellcasting
 - Level 10.0 Hexes
 * Level 11.8 Invocations


You had 20 spell levels left.
You knew the following spells:

 Your Spells              Type           Power        Failure   Level  Hunger
a - Ensorcelled Hibernat  Hex/Ice        #####.       1%          2    None
b - Confuse               Hex            ######..     1%          3    None
c - Tukima's Dance        Hex            ######..     1%          3    None
d - Dazzling Spray        Conj/Hex       #####.       1%          3    None
f - Cause Fear            Hex            ######....   1%          4    None
g - Shroud of Golubria    Chrm/Tloc      ###...       5%          2    None
m - Confusing Touch       Hex            ######       1%          1    None
B - Blink                 Tloc           N/A          5%          2    None
G - Passage of Golubria   Tloc           N/A          32%         4    None

Your spell library contained the following spells:

 Spells                   Type           Power        Failure   Level  Hunger
 Corona                   Hex            ######.      1%          1    None
 Inner Flame              Hex/Fire       #####...     1%          3    None
 Spectral Weapon          Hex/Chrm       #####...     1%          3    None
 Flame Tongue             Conj/Fire      ###..        3%          1    None
 Freeze                   Ice            ###.         3%          1    None
 Infusion                 Chrm           ###.         3%          1    None
 Magic Dart               Conj           ###.         3%          1    None
 Sandblast                Erth           ###...       3%          1    None
 Sting                    Conj/Pois      ###.         3%          1    None
 Fulminant Prism          Conj/Hex       #####.....   4%          4    None
 Poisonous Vapours        Pois/Air       ###...       5%          2    None
 Searing Ray              Conj           ###...       5%          2    None
 Song of Slaying          Chrm           ###.....     5%          2    None
 Throw Flame              Conj/Fire      ###...       5%          2    None
 Throw Frost              Conj/Ice       ###...       5%          2    None
 Conjure Flame            Conj/Fire      ###.....     11%         3    None
 Gell's Gravitas          Tloc           ###.......   11%         3    None
 Ignite Poison            Fire/Tmut/Pois ###.....     11%         3    None
 Lesser Beckoning         Tloc           ###.......   11%         3    None
 Mephitic Cloud           Conj/Pois/Air  ###.....     11%         3    None
 Ozocubu's Armour         Chrm/Ice       ###.....     11%         3    None
 Regeneration             Chrm/Necr      ###.......   11%         3    None
 Teleport Other           Tloc           ###.....     11%         3    None
 Metabolic Englaciation   Hex/Ice        #####.....   12%         5    ##.....
 Silence                  Hex/Air        #####.....   12%         5    ##.....
 Yara's Violent Unravell  Hex/Tmut       #####.....   12%         5    ##.....
 Force Lance              Conj/Tloc      ###.....     32%         4    None
 Ice Form                 Ice/Tmut       ###.....     32%         4    None
 Iskenderun's Mystic Bla  Conj           ###.....     32%         4    None
 Olgreb's Toxic Radiance  Pois           ###.....     32%         4    None
 Petrify                  Tmut/Erth      ###.....     32%         4    None
 Sticky Flame             Conj/Fire      ###.....     32%         4    None
 Summon Ice Beast         Ice/Summ       ###.....     32%         4    None
 Throw Icicle             Conj/Ice       ###.....     32%         4    None
 Bolt of Magma            Conj/Fire/Erth ###.......   65%         5    ##.....
 Fireball                 Conj/Fire      ###.......   65%         5    ##.....
 Iskenderun's Battlesphe  Conj/Chrm      ###.....     65%         5    ##.....
 Venom Bolt               Conj/Pois      ###.......   65%         5    ##.....
 Discord                  Hex            ######....   97%         8    #######
 Deflect Missiles         Chrm/Air       ###.......   99%         6    ####...
 Hydra Form               Tmut           ###.......   99%         6    ####...
 Iron Shot                Conj/Erth      ###.......   99%         6    ####...
 Orb of Destruction       Conj           ###.......   100%        7    ######.
 Spellforged Servitor     Conj/Summ      ###.......   100%        7    ######.


Dungeon Overview and Level Annotations

Branches:
Dungeon (15/15)            Temple (1/1) D:4            Lair (6/6) D:9
  Swamp (4/4) Lair:2        Snake (2/4) Lair:2        Slime (0/5) Lair:6
    Orc (2/2) D:11            Elf (0/3) Orc:2        Vaults (0/5) D:14
 Depths (0/5) D:15

Altars:
Ashenzari
Cheibriados
Dithmenos
Elyvilon
Fedhas
Gozag
Hepliaklqana
Kikubaaqudgha
Makhleb
Nemelex Xobeh
Okawaru
Qazlal
Ru
Sif Muna
Trog
Uskayaw
Vehumet
Wu Jian
Xom
Yredelemnul
Zin
The Shining One
Jiyva

Shops:
D:4 *(   D:5 (([(   D:8 %   D:15 *   Orc:2 %:}?

Annotations:
D:15 2 transporters, Zesiwosm's ghost, journeyman GrEE
Lair:2 3 runed translucent doors, Biesutadghu's ghost, journeyman GrWz


Innate Abilities, Weirdness & Mutations

You are very small and have problems with some larger weapons.
You are too small for most types of armour.
You have supernaturally acute eyesight. (SInv)
You are a herbivore.
You cover ground extremely quickly.
You need to consume almost no food.


Message History

You hit the shock serpent but do no damage.
The shock serpent is almost dead.
The shock serpent barely misses you.
The shock serpent shoots out a bolt of lightning at you!
The bolt of electricity hits you!! The shock serpent bites you!
* * * LOW HITPOINT WARNING * * *
The shock serpent shocks you!
* * * LOW HITPOINT WARNING * * *
Things that are here:
a +0 long sword; a +0 shortbow; 19 arrows Blink to where?
Press: ? - help, Dir - move target cursor You are very lightly contaminated with residual magic.
As you read the scroll of blinking, it crumbles to dust.
The shock serpent shoots out a bolt of lightning at you!
The bolt of electricity misses you.
Magic restored.
The shock serpent shoots out a bolt of lightning at you!
The bolt of electricity hits you!!
You die...

..........## #.†....##
+...8...## .
#........## ..##
####......##
...#######..8..#######
#.#............##.8.##
#..............#.....#
###.§.8..8.@.8.'..<.8#
+.SS$........#.....#
#.......%....##.8.##
#######..8..#######
.....$## .....##
.8/..## .....#


You could see 2 shock serpents.

Vanquished Creatures
  Nikola (Snake:1)
  Rupert (D:15)
  Jorgrun (D:15)
  2 thorn hunters
  The ghost of Utruxius the Unseen, an adept VSAs of Okawaru (Snake:1)
  Aizul (Snake:1)
  Louise (Snake:1)
  Nessos (D:15)
  An ettin (Orc:2)
  A rakshasa (D:14)
  4 vault guards (D:14)
  25 hydras
  Fannar (Lair:1)
  4 naga warriors (Snake:1)
  2 centaur warriors
  6 ogre magi
  An anaconda (Snake:1)
  A catoblepas (Lair:6)
  2 shambling mangroves (Swamp:3)
  5 ghost crabs
  10 alligators
  16 two-headed ogres
  A tengu warrior (D:14)
  A deep troll shaman (Lair:6)
  15 death yaks
  Nergalle (Lair:3)
  3 naga sharpshooters
  A dancing weapon (Snake:1)
  Sonja (Lair:5)
  6 spriggans
  A death drake (shapeshifter) (D:15)
  13 swamp dragons
  2 unseen horrors
  3 spriggan druids
  3 naga ritualists (Snake:1)
  Pikel (D:3)
  2 orc knights
  3 mana vipers (Snake:1)
  2 deep elf magi
  2 manticores
  2 orc sorcerers (Orc:1)
  An oklob plant (Lair:6)
  6 ugly things
  5 cyclopes
  10 elephants
  19 black mambas
  20 spiny frogs
  2 guardian serpents
  3 naga magi
  4 gargoyles
  A rime drake (Lair:6)
  2 ice devils (Orc:2)
  A freezing wraith (D:15)
  5 komodo dragons
  7 trolls
  A queen bee (D:12)
  A merfolk (D:9)
  2 polar bears
  3 meliai (D:12)
  11 hornets
  23 slime creatures
  17 tyrant leeches
  18 bog bodies
  11 dream sheep
  29 blink frogs
  A harpy skeleton (D:15)
  10 hippogriffs
  5 shadows
  8 humans (D:14)
  6 wyverns
  3 hogs (D:9)
  A wraith (D:9)
  52 yaks
  A hungry ghost (D:8)
  3 basilisks
  14 vampire mosquitoes
  14 insubstantial wisps
  3 nagas (Snake:1)
  2 wargs
  16 swamp worms
  2 acid dragons
  12 water moccasins
  5 porcupines
  18 orc warriors
  Duvessa (D:5)
  A hornet zombie (D:5)
  5 ice beasts
  16 swamp drakes
  A phantom (D:9)
  13 black bears
  A necrophage (D:6)
  37 ogres
  8 wolves
  7 centaurs
  9 crocodiles
  6 big kobolds
  Blork the orc (D:6)
  23 bullfrogs
  2 gnoll sergeants
  Dowan (D:5)
  3 scorpions
  A water moccasin skeleton (D:4)
  29 killer bees
  9 wights
  9 electric eels (D:9)
  7 howler monkeys
  10 crimson imps
  6 centaur zombies
  3 quasits
  Crazy Yiuf (D:5)
  7 hounds
  2 gnoll shamans
  3 jellies
  5 orc priests
  16 orc wizards
  3 bullfrog skeletons
  7 centaur skeletons
  Ijyb (D:4)
  6 iguanas
  Natasha (thrice) (D:2)
  15 worker ants
  A hound zombie (D:6)
  A worker ant zombie (D:11)
  9 gnolls
  A howler monkey skeleton (D:10)
  5 adders
  4 shadow imps
  3 white imps (D:14)
  2 ufetubi (D:14)
  2 oozes
  5 adder zombies
  3 adder skeletons
  5 worms
  2 dart slugs (D:1)
  3 leopard geckos
  66 orcs
  2 ball pythons
  5 giant cockroaches
  5 goblins
  7 hobgoblins
  19 jackals
  35 kobolds
  3 quokkas
  3 bats
  4 frilled lizards
  7 rats
  4 plants (D:9)
1013 creatures vanquished.

Vanquished Creatures (collateral kills)
  the Lernaean hydra (Swamp:4)
  Donald (Snake:1)
  5 two-headed ogres
  2 orc warriors (D:9)
  6 ogres (Orc:2)
  2 wights (D:7)
  A shadow imp (D:10)
  An orc (D:9)
19 creatures vanquished.

Vanquished Creatures (others)
  A blink frog (Swamp:2)
  5 dancing weapons
  A vampire mosquito (Swamp:2)
  A slave (D:4)
  A human (D:7)
  2 orcs
  A jackal (D:4)
  2 kobolds
  A frilled lizard (D:4)
  A rat (D:1)
  5 briar patches (Swamp:3)
  2 bushes (Swamp:4)
  22 fungi
  11 plants
56 creatures vanquished.

Grand Total: 1088 creatures vanquished

Notes
Turn   | Place    | Note
-------+----------+-------------------------------------------
     0 | D:1      | MirrMurr the Spriggan Enchanter began the quest for the
                  | Orb.
     0 | D:1      | Reached XP level 1. HP: 9/9 MP: 5/5
   226 | D:1      | Reached skill level 5 in Stealth
   226 | D:1      | Reached XP level 2. HP: 13/13 MP: 6/6
   241 | D:1      | Learned a level 2 spell: Ensorcelled Hibernation
   881 | D:1      | Reached XP level 3. HP: 16/16 MP: 5/8
   886 | D:1      | Learned a level 3 spell: Confuse
  1607 | D:2      | Found a faded altar of an unknown god.
  1765 | D:2      | Found a hazy altar of Hepliaklqana.
  1973 | D:2      | Reached XP level 4. HP: 21/21 MP: 9/9
  2346 | D:2      | Noticed Natasha
  2351 | D:2      | Killed Natasha
  2953 | D:2      | Found a hazy altar of Hepliaklqana.
  2990 | D:2      | Noticed Natasha
  3007 | D:2      | Killed Natasha
  3007 | D:2      | Reached XP level 5. HP: 19/24 MP: 7/10
  3327 | D:2      | Found a faded altar of an unknown god.
  3665 | D:2      | Noticed Natasha
  3680 | D:2      | Killed Natasha
  4000 | D:2      | Found a hazy altar of Hepliaklqana.
  4332 | D:2      | Found a faded altar of an unknown god.
  4935 | D:3      | Found a stormy altar of Qazlal.
  5983 | D:4      | Learned a level 3 spell: Tukima's Dance
  6017 | D:4      | Found Omool's Antique Weapon Shoppe.
  6024 | D:4      | Reached XP level 6. HP: 28/28 MP: 11/11
  6026 | D:4      | Noticed a slave
  6032 | D:4      | Reached skill level 5 in Short Blades
  6037 | D:4      | Noticed a slave
  6039 | D:4      | Noticed Pikel
  6039 | D:4      | Noticed a slave
  6042 | D:4      | Noticed a slave
  6067 | D:3      | Killed Pikel
  6067 | D:3      | Reached XP level 7. HP: 32/32 MP: 9/14
  6085 | D:4      | Found a staircase to the Ecumenical Temple.
  6111 | Temple   | Entered the Ecumenical Temple
  6199 | Temple   | Became a worshipper of Dithmenos the Shadowed
  6247 | D:4      | Found an opulent altar of Gozag.
  6402 | D:4      | Noticed Ijyb
  6425 | D:4      | Killed Ijyb
  6612 | D:4      | Found Laonar's Lightly-Used Armoury.
  6733 | D:5      | Entered Level 5 of the Dungeon
  6742 | D:5      | Reached skill level 5 in Spellcasting
  6765 | D:5      | Found a sparkling altar of Nemelex Xobeh.
  6908 | D:5      | Reached XP level 8. HP: 36/36 MP: 9/16
  7042 | D:5      | Reached * piety under Dithmenos
  7283 | D:5      | Reached skill level 1 in Shields
  7342 | D:5      | Found Quthreggi's Antique Weapon Shop.
  7378 | D:5      | Noticed Dowan
  7379 | D:5      | Noticed Duvessa
  7385 | D:5      | Reached skill level 1 in Fighting
  7391 | D:5      | Killed Duvessa
  7393 | D:5      | Killed Dowan
  7479 | D:5      | Found Aproxiqa's Antique Weapon Shoppe.
  7491 | D:5      | Bought a glowing dagger for 105 gold pieces
  7539 | D:5      | Found Dool's Weapon Shop.
  7575 | D:5      | Found Varuz's Armour Shop.
  7676 | D:5      | Found a runed translucent door.
  7677 | D:5      | Noticed Crazy Yiuf
  7720 | D:5      | Killed Crazy Yiuf
  7922 | D:6      | Noticed a green ugly thing
  8205 | D:6      | Reached skill level 5 in Dodging
  8283 | D:6      | Learned a level 3 spell: Dazzling Spray
  8473 | D:6      | Reached XP level 9. HP: 40/43 MP: 5/17
  8628 | D:6      | Reached ** piety under Dithmenos
  8863 | D:6      | Noticed Blork the orc
  8878 | D:6      | Killed Blork the orc
  8995 | D:6      | Found an ornate altar of the Wu Jian Council.
  9567 | D:6      | Found a hide-covered altar of Uskayaw.
  9668 | D:6      | Found a glowing silver altar of Zin.
  9668 | D:6      | Found a shattered altar of Ashenzari.
  9669 | D:6      | Found a glowing golden altar of the Shining One.
 10113 | D:6      | Found a shattered altar of Ashenzari.
 10113 | D:6      | Found a glowing golden altar of the Shining One.
 10116 | D:6      | Found a glowing silver altar of Zin.
 10197 | D:6      | Found an ornate altar of the Wu Jian Council.
 10297 | D:6      | Killed a green ugly thing
 10918 | D:6      | Found a hide-covered altar of Uskayaw.
 11208 | D:7      | Reached skill level 5 in Shields
 11446 | D:7      | Reached *** piety under Dithmenos
 11633 | D:7      | Found an ancient bone altar of Kikubaaqudgha.
 12216 | D:8      | Reached XP level 10. HP: 49/49 MP: 13/18
 12681 | D:8      | Reached **** piety under Dithmenos
 12793 | D:8      | Found a sparkling altar of Nemelex Xobeh.
 13011 | D:8      | Found Nemeleeg's Food Emporium.
 14523 | D:9      | Reached skill level 10 in Stealth
 14569 | D:9      | Noticed a two-headed ogre
 14766 | D:9      | Killed a two-headed ogre
 14857 | D:9      | Reached ***** piety under Dithmenos
 14906 | D:9      | Reached skill level 10 in Dodging
 14908 | D:9      | Reached XP level 11. HP: 53/53 MP: 14/19
 15053 | D:9      | Found an opulent altar of Gozag.
 15072 | D:9      | Found a staircase to the Lair.
 15084 | Lair:1   | Entered Level 1 of the Lair of Beasts
 16754 | D:9      | Noticed a two-headed ogre
 17039 | D:9      | Killed a two-headed ogre
 17152 | D:9      | Identified the cursed +0 scale mail of Beauty {+Inv rPois
                  | rCorr Stlth+}
 19032 | Lair:1   | Noticed a six-headed hydra
 19039 | Lair:1   | Killed a six-headed hydra
 19052 | Lair:1   | Noticed a six-headed hydra
 19062 | Lair:1   | Killed a six-headed hydra
 19072 | Lair:1   | Reached XP level 12. HP: 56/59 MP: 11/22
 19084 | Lair:1   | Reached skill level 5 in Fighting
 19288 | Lair:1   | Noticed Fannar
 19909 | Lair:1   | Learned a level 1 spell: Confusing Touch
 19932 | Lair:1   | Killed Fannar
 19943 | Lair:2   | Found a runed translucent gate.
 19943 | Lair:2   | Found a runed translucent gate.
 19944 | Lair:2   | Found a runed translucent gate.
 19944 | Lair:2   | Noticed a ten-headed hydra
 19983 | Lair:2   | Reached ****** piety under Dithmenos
 20354 | Lair:2   | Noticed a nine-headed hydra
 20358 | Lair:2   | Noticed Biesutadghu's ghost (journeyman GrWz)
 20365 | Lair:2   | Found a staircase to the Snake Pit.
 20866 | Lair:2   | Found a staircase to the Swamp.
 20914 | Lair:2   | Reached skill level 10 in Hexes
 21311 | Lair:3   | Noticed Nergalle
 21319 | Lair:3   | Killed Nergalle
 21320 | Lair:3   | Noticed a six-headed hydra
 21330 | Lair:3   | Killed a six-headed hydra
 21330 | Lair:3   | Reached skill level 10 in Short Blades
 22181 | Lair:4   | Reached XP level 13. HP: 65/65 MP: 3/23
 22218 | Lair:4   | Reached skill level 15 in Stealth
 22639 | Lair:4   | You fall into a shaft and drop 2 floors!
 22639 | Lair:6   | Entered Level 6 of the Lair of Beasts
 22962 | Lair:4   | Reached skill level 15 in Dodging
 23736 | Lair:5   | You fall into a shaft and drop 1 floor!
 24724 | Lair:5   | Learned a level 2 spell: Shroud of Golubria
 25660 | Lair:5   | Noticed Sonja
 25667 | Lair:5   | Killed Sonja
 25887 | Lair:6   | Upgraded the game from 0.25-a0-24-g72dcfe0359 to
                  | 0.25-a0-35-g747a2b3c0c
 25965 | Lair:6   | Reached skill level 10 in Fighting
 27038 | Lair:5   | Reached XP level 14. HP: 76/77 MP: 17/25
 27997 | Lair:6   | Found a viscous altar of Jiyva.
 27998 | Lair:6   | Found a staircase to the Slime Pits.
 30292 | D:10     | Entered Level 10 of the Dungeon
 31452 | D:11     | Found a staircase to the Orcish Mines.
 31530 | D:12     | Reached skill level 10 in Spellcasting
 34182 | D:14     | Reached XP level 15. HP: 79/80 MP: 31/31
 34432 | D:14     | Found a gate to the Vaults.
 35063 | D:15     | Entered Level 15 of the Dungeon
 35095 | D:15     | Noticed Rupert
 35098 | D:15     | Killed Rupert
 35155 | D:15     | Found a staircase to the Depths.
 35243 | D:15     | Identified the +1 great mace "Fikkuk" {vamp, rF++ Dex+5}
 35248 | D:15     | Noticed Nessos
 35252 | D:15     | Killed Nessos
 35261 | D:15     | Found a shadowy altar of Dithmenos.
 35265 | D:15     | Found a transporter.
 35265 | D:15     | Found a transporter.
 35273 | D:15     | Found a bloodstained altar of Trog.
 35282 | D:15     | Noticed Zesiwosm's ghost (journeyman GrEE)
 35375 | D:15     | Found Podi's General Store.
 35633 | D:15     | Noticed Jorgrun
 35641 | D:15     | Killed Jorgrun
 35987 | Orc:1    | Entered Level 1 of the Orcish Mines
 36137 | Orc:2    | Entered Level 2 of the Orcish Mines
 37173 | Orc:1    | Reached skill level 1 in Invocations
 37289 | Orc:2    | Found a staircase to the Elven Halls.
 37328 | Orc:2    | Found Leachal's Gadget Emporium.
 37328 | Orc:2    | Found Haimn's Food Boutique.
 37329 | Orc:2    | Found Biusoxog's Magic Scroll Shop.
 37329 | Orc:2    | Found Wappeb's Book Emporium.
 38436 | Orc:2    | Reached XP level 16. HP: 58/85 MP: 35/35
 38908 | Orc:2    | Reached skill level 5 in Invocations
 39259 | D:5      | Bought a +1 hat of intelligence for 176 gold pieces
 39454 | Swamp:1  | Entered Level 1 of the Swamp
 42327 | Swamp:2  | Found an iron altar of Okawaru.
 44075 | Swamp:3  | Noticed a thorn hunter
 44453 | Swamp:2  | Reached skill level 1 in Armour
 45730 | Swamp:2  | Learned a level 4 spell: Cause Fear
 45733 | Swamp:2  | Learned a level 2 spell: Blink
 47012 | Swamp:3  | Killed a thorn hunter
 47061 | Swamp:3  | Found a basalt altar of Yredelemnul.
 47259 | Swamp:4  | Entered Level 4 of the Swamp
 47339 | Swamp:3  | HP: 4/85 [five-headed hydra (4)]
 48254 | Orc:2    | Bought a phantom mirror for 510 gold pieces
 48584 | Swamp:4  | Noticed the 27-headed Lernaean hydra
 48705 | Swamp:4  | Killed the 27-headed Lernaean hydra
 49035 | Swamp:3  | Reached XP level 17. HP: 33/89 MP: 36/36
 49551 | Swamp:4  | Got a decaying rune of Zot
 49854 | Swamp:4  | Reached skill level 10 in Invocations
 50882 | Lair:2   | Learned a level 4 spell: Passage of Golubria
 50883 | Snake:1  | Entered Level 1 of the Snake Pit
 50883 | Snake:1  | Noticed Louise
 50885 | Snake:1  | Killed Louise
 51982 | Snake:1  | Found a runed translucent door.
 51983 | Snake:1  | Found a shimmering altar of Xom.
 51983 | Snake:1  | Noticed Utruxius's ghost (adept VSAs)
 51984 | Snake:1  | Identified the cursed +1 triple sword of the Viper {chaos,
                  | rF++ rN+++ MR+ Dex-5}
 52214 | Snake:1  | Killed Utruxius's ghost
 52492 | Snake:1  | Identified the Tome of Ashen Transformation
 52664 | Snake:1  | Noticed Aizul
 52671 | Snake:1  | Identified the +4 shield "Yzuenyam" {Regen+}
 52671 | Snake:1  | Noticed Donald
 52856 | Snake:1  | Killed Donald
 53045 | Snake:1  | Noticed Nikola
 53471 | Snake:1  | Killed Nikola
 53805 | Snake:1  | Killed Aizul
 54172 | Snake:2  | Killed from afar by a shock serpent

Levels and vault maps discovered:
D:1:      lemuel_arrival_rhombus, layout_basic, nrook_mini_vaults,
          lemuel_another_geyser
D:2:      layout_basic, overflow_temple_1_default,
          chequers_ecumenical_altar_simple, uniq_natasha
D:3:      layout_basic, grunt_qazlal_clouds
D:4:      layout_gridville, lemuel_round_altar, minmay_temple_entry_slanted,
          serial_shops, kennysheep_mini, minmay_misc_feat_square,
          minmay_misc_feat_rows, minmay_shop_damaged, uniq_pikel, uniq_ijyb
D:5:      layout_cave_pools, basic_altar, serial_shops, shop,
          kennysheep_little_box, kennysheep_mini_moat, nicolae_shop_waterfront,
          first_ration, minmay_fractal_squares_5, uniq_duvessa,
          uniq_crazy_yiuf_cottage
D:6:      hangedman_cross_stitches, layout_layer_cave, marbit_many_paths,
          gammafunk_temple_overflow_claw, eat_drink_and_be_merry_uskayaw,
          uniq_blork_the_orc
D:7:      layout_basic, mrwooster_statue_mirror, grunt_ogre_cave,
          tgw_kikubaaqudgha
D:8:      layout_loops_ring, nemelex_xobeh_ov_fountains_minmay, serial_shops,
          shop, minmay_nine_imps
D:9:      kennysheep_town
D:10:     layout_rooms
D:11:     layout_basic, orc_0_dummy
D:12:     layout_roguey, special_room [special_room_bee]
D:13:     layout_gridville, hangedman_glass_teeth
D:14:     layout_stronghold, ximxim_vaults_locker_room,
          minmay_misc_feat_columns, serial_ice, serial_ice_e, serial_ice_f,
          serial_ice_o, serial_ice_h, serial_ice_d, serial_ice_g
D:15:     hangedman_depths_entry_try_elsewhere_first, layout_basic,
          gammafunk_ghost_wrathful_warriors, serial_shops,
          nicolae_shop_behind_doors, grunt_dithmenos_smoke_and_mirrors,
          uniq_nessos, uniq_jorgrun, uniq_rupert
Temple:   nicolae_temple_great_sept
Lair:1:   layout_roguey, uniq_fannar
Lair:2:   wander_river, layout_long_grid, minmay_swamp_entry_worms,
          minmay_snake_entry_spellcaster, gammafunk_ghost_hydra_chop,
          wad_woods_road_04
Lair:3:   layout_chaotic_city, small_statue_intersection, uniq_nergalle
Lair:4:   layout_regular_city
Lair:5:   layout_gridlike, chequers_serial_rivers_room_b, st_stairs_3,
          zaba_anthole, mumra_transporter_accident, uniq_sonja
Lair:6:   grunt_lair_end_beastmaster, layout_misc_corridors, slime_altar_1
Swamp:1:  layout_basic_swamp, hangedman_swamp_blocks
Swamp:2:  layout_basic_swamp, basic_altar
Swamp:3:  layout_basic_swamp, lemuel_altar_in_water
Swamp:4:  grunt_swamp_rune_castle, layout_basic_swamp
Snake:1:  layout_cave_pods, ebering_ghost_xom, drop_trap, uniq_donald,
          uniq_nikola, uniq_aizul, uniq_louise
Snake:2:  layout_grid_shapes, ebering_ghost_reflecting_pool, serial_shops,
          shop_coins, serial_bayou_shore_a, grunt_megastairs_3
Orc:1:    layout_caves
Orc:2:    st_orc_ogre_mass, layout_caves, portal_ice_cave_demonic_guard,
          statue_in_the_mist_lemuel

Skill      XL: |  1  2  3  4  5  6  7  8  9 10 11 12 13 14 15 16 17 |
---------------+----------------------------------------------------+-----
Stealth        | 5 6 7 8 10 12 14 15 17 18 19 20 | 20.9
Short Blades   | 2 3 4 5 6 8 10 | 10.0
Spellcasting   | 4 5 6 11 14 | 14.0
Hexes          | 6 7 8 9 10 | 10.0
Shields        | 3 5 7 |  7.2
Fighting       | 2 4 6 10 | 10.0
Dodging        | 5 8 10 12 14 15 16 18 19 20 | 20.2
Invocations    | 4 9 11 | 11.8
Armour         | 3 |  3.0

Action                   |  1- 3 |  4- 6 |  7- 9 | 10-12 | 13-15 | 16-18 || total
-------------------------+-------+-------+-------+-------+-------+-------++-------
Melee: Dagger            |   125 |    87 |   384 |   876 |  1639 |  1457 ||  4568
 Cast: Corona            |     2 |       |       |       |       |       ||     2
       Ensorcelled Hiber |    14 |    17 |    72 |   170 |   141 |    59 ||   473
       Confuse           |       |     2 |    54 |    74 |    46 |    23 ||   199
       Tukima's Dance    |       |       |     5 |    13 |    23 |    12 ||    53
       Dazzling Spray    |       |       |       |     7 |     5 |     8 ||    20
       Confusing Touch   |       |       |       |     2 |    78 |   136 ||   216
       Shroud of Golubri |       |       |       |       |       |    12 ||    12
       Blink             |       |       |       |       |       |     3 ||     3
Invok: Shadow Step       |       |       |       |       |       |     3 ||     3
       Shadow Form       |       |       |       |       |       |     2 ||     2
Evoke: Wand              |       |       |       |       |     3 |       ||     3
       Phantom mirror    |       |       |       |       |       |     1 ||     1
  Use: Scroll            |       |    12 |     9 |    16 |     6 |    13 ||    56
       Potion            |       |       |     1 |     1 |     1 |     2 ||     5
 Stab: Sleeping          |    26 |    21 |    59 |   123 |   166 |    66 ||   461
       Confused          |       |     2 |    30 |    28 |   104 |   138 ||   302
       Distracted        |       |       |       |     1 |     3 |     2 ||     6
       Invisible         |       |       |       |       |       |     1 ||     1
  Eat: Ration            |       |     2 |     6 |     9 |    10 |     9 ||    36
Armor: Robe              |    12 |    13 |    21 |    25 |    33 |       ||   104
       Acid dragon scale |       |       |       |       |    30 |    39 ||    69
       Swamp dragon scal |       |       |       |       |       |   100 ||   100
Dodge: Dodged            |    88 |    54 |   267 |   573 |   984 |  1133 ||  3099
Block: Buckler           |     1 |    13 |    93 |   205 |   401 |   411 ||  1124

Table legend:
 A = Non-vault XP
 B = Vault XP
 C = Vault XP percentage of total XP
 D = Non-vault monster count
 E = Vault monster count
 F = Vault count percentage of total count
                 A         B        C        D         E       F
            +---------+---------+-------+---------+---------+-------
      Total |  180397 |   91378 |  33.6 |     788 |     240 |  23.3
            +---------+---------+-------+---------+---------+-------
        D:1 |      60 |       0 |   0.0 |      29 |       0 |   0.0
        D:2 |     137 |      35 |  20.3 |      20 |       1 |   4.8
        D:3 |      32 |     651 |  95.3 |      15 |       1 |   6.2
        D:4 |     240 |      36 |  13.0 |      16 |       1 |   5.9
        D:5 |     660 |     283 |  30.0 |      14 |       6 |  30.0
        D:6 |    1199 |    1018 |  45.9 |      30 |      10 |  25.0
        D:7 |     925 |     121 |  11.6 |      21 |       1 |   4.5
        D:8 |    1239 |     309 |  20.0 |      33 |       7 |  17.5
        D:9 |    4376 |    6024 |  57.9 |      47 |      42 |  47.2
       D:10 |    2100 |       0 |   0.0 |      36 |       0 |   0.0
       D:11 |    1658 |       0 |   0.0 |      16 |       0 |   0.0
       D:12 |    6207 |    2404 |  27.9 |      26 |      24 |  48.0
       D:13 |    4993 |       0 |   0.0 |      23 |       0 |   0.0
       D:14 |    8048 |    5746 |  41.7 |      25 |      20 |  44.4
       D:15 |    8324 |    8906 |  51.7 |      28 |       7 |  20.0
     Lair:1 |    8132 |     986 |  10.8 |      32 |       1 |   3.0
     Lair:2 |    4070 |    1144 |  21.9 |      20 |       4 |  16.7
     Lair:3 |    3289 |     828 |  20.1 |      12 |       1 |   7.7
     Lair:4 |   10103 |       0 |   0.0 |      30 |       0 |   0.0
     Lair:5 |   16990 |    2939 |  14.7 |      40 |      12 |  23.1
     Lair:6 |    7243 |    8433 |  53.8 |      26 |      13 |  33.3
    Swamp:1 |    9483 |       0 |   0.0 |      33 |       0 |   0.0
    Swamp:2 |   16032 |       0 |   0.0 |      52 |       0 |   0.0
    Swamp:3 |   20911 |    1358 |   6.1 |      43 |       3 |   6.5
    Swamp:4 |   15917 |   18025 |  53.1 |      35 |      30 |  46.2
    Snake:1 |   18717 |   10886 |  36.8 |      34 |       6 |  15.0
    Snake:2 |       0 |    1752 | 100.0 |       0 |       3 | 100.0
      Orc:1 |    5861 |     899 |  13.3 |      26 |       1 |   3.7
      Orc:2 |    3451 |   18595 |  84.3 |      26 |      46 |  63.9
            +---------+---------+-------+---------+---------+-------
